 Dungeon Crawl Stone Soup version 0.27.1-3-gb3d3a73c9e (webtiles) character file.

Game seed: 3718232261012286658

86 CuBeRJAN3 the Magician (level 4, -12/25 HPs)
             Began as a Deep Elf Fire Elementalist on Oct 6, 2021.
             Killed by divine providence
             ... invoked by an orc priest
              (15 damage)
             ... on level 3 of the Dungeon.
             The game lasted 00:06:39 (2165 turns).

CuBeRJAN3 the Magician (Deep Elf Fire Elementalist) Turns: 2165, Time: 00:06:40

Health: -12/25     AC:  7    Str:  5    XL:     4   Next: 27%
Magic:  9/12       EV: 12    Int: 21    God:
Gold:   65         SH:  0    Dex: 15    Spells: 0/11 levels left

rFire    . . .     SeeInvis .   b - +0 dagger
rCold    . . .     Faith    .   (no shield)
rNeg     . . .     Spirit   .   a - +0 robe
rPois    .         Reflect  .   (no helmet)
rElec    .         Harm     .   (no cloak)
rCorr    .         Rampage  .   (no gloves)
Will     .....                  n - +0 pair of boots
Stlth    +.........             (no amulet)
HPRegen  0.08/turn              c - +4 ring of protection
MPRegen  0.13/turn              (no ring)

@: confused, very slightly contaminated
A: no striking features
a: no special abilities


You were on level 3 of the Dungeon.
You visited 1 branch of the dungeon, and saw 3 of its levels.

You collected 65 gold pieces.

Inventory:

Hand Weapons
 b - a +0 dagger (weapon)
Armour
 a - a +0 robe (worn)
 n - a +0 pair of boots (worn)
Jewellery
 c - a +4 ring of protection (left hand)
Scrolls
 d - a scroll of noise {unknown}
 e - a scroll of blinking {unknown}
 h - 2 scrolls of fog {unknown}
 j - a scroll of identify {unknown}
 k - a scroll of summoning {unknown}
 l - a scroll of holy word {unknown}
Potions
 f - a potion of lignification {unknown}
 g - a potion of attraction {unknown}
 i - a potion of invisibility {unknown}
 m - a potion of brilliance {unknown}


   Skills:
 * Level 1.3 Fighting
 - Level 2.4 Dodging
 + Level 3.1 Stealth
 * Level 4.2 Spellcasting
 + Level 1.7 Conjurations
 + Level 1.4 Hexes
 + Level 3.6 Fire Magic


You couldn't memorise any spells.
You knew the following spells:

 Your Spells              Type           Power      Damage    Failure   Level
a - Foxfire               Conj/Fire      60%        2x1d7     4%          1
b - Conjure Flame         Conj/Fire      15%        6-21      12%         3
c - Inner Flame           Hex/Fire       14%        N/A       13%         3
d - Sticky Flame          Conj/Fire      15%        2d4       36%         4

Your spell library contained the following spells:

 Spells                   Type           Power      Damage    Failure   Level
 Fireball                 Conj/Fire      7%         3d5       73%         5


Dungeon Overview and Level Annotations

Branches:
Dungeon (3/15)

Altars:

Shops:
D:1 [

Annotations:
D:1 Armor shop
D:2 Natasha


Message History

A magic dart appears from out of thin air!
The magic dart hits you but does no damage.
Casting: Foxfire (safe; 4% risk of failure)
Press: ? - help, Q - select action Dir - look around, f - activate You conjure some foxfire!
The foxfire hits the orc priest!
The orc priest is heavily wounded.
Casting: Foxfire (safe; 4% risk of failure)
Press: ? - help, Q - select action Dir - look around, f - activate You conjure some foxfire!
The foxfire hits the orc priest but does no damage.
The orc priest is heavily wounded.
The foxfire hits the orc priest.
The orc priest is heavily wounded.
Casting: Foxfire (safe; 4% risk of failure)
Press: ? - help, Q - select action Dir - look around, f - activate You conjure some foxfire!
The orc priest hits you with a +0 vorpal hand axe.
The foxfire hits something.
The orc priest hits you but does no damage.
Casting: Foxfire (safe; 4% risk of failure)
Press: ? - help, Q - select action Dir - look around, f - activate You miscast Foxfire.
You are very lightly contaminated with residual magic.
Nothing appears to happen.
The orc priest completely misses you. Something hits you but does no damage.
Your foxfire dissipates!
The foxfire hits something.
The orc priest calls down the wrath of Beogh upon you.
Beogh smites you!
Ouch! That really hurt!
* * * LOW HITPOINT WARNING * * *
You hear a shout!
You hear some strange, mumbled words.
You are confused.
You bump into the rock wall.
The orc priest invokes the aid of Beogh against you.
Beogh smites you!
Ouch! That really hurt!
You die...

.o........#####......#
..........# #......#
..######### #......#
.. #......# #......#
##### ###o#.#### #..<#
#.{...# #.#.##
#.#.####### #....#
#@#.......# ###..#
#.#######.# #..####.#
#...# #.......# #####
#.####### ###


You could see an orc priest.

Vanquished Creatures
  2 adders (D:2)
  2 dart slugs (D:1)
  5 orcs
  3 ball pythons
  7 endoplasms
  A giant cockroach (D:1)
  4 goblins
  5 hobgoblins
  4 jackals (D:1)
  3 quokkas (D:1)
  4 bats
  A frilled lizard (D:1)
  7 kobolds
  4 rats
52 creatures vanquished.

Vanquished Creatures (others)
  136 foxfires
136 creatures vanquished.

Grand Total: 188 creatures vanquished

Notes
Turn   | Place    | Note
-------+----------+-------------------------------------------
     0 | D:1      | CuBeRJAN3 the Deep Elf Fire Elementalist began the quest
                  | for the Orb.
     0 | D:1      | Reached XP level 1. HP: 10/10 MP: 6/6
   189 | D:1      | Found Lige's Armour Boutique.
   268 | D:1      | Reached XP level 2. HP: 16/16 MP: 2/8
   615 | D:1      | Reached skill level 1 in Fighting
   631 | D:1      | Reached skill level 1 in Hexes
   756 | D:1      | Reached XP level 3. HP: 20/20 MP: 6/10
   970 | D:1      | Learned a level 3 spell: Conjure Flame
   974 | D:1      | Learned a level 3 spell: Inner Flame
  1113 | D:2      | Noticed Natasha
  1448 | D:2      | Reached skill level 4 in Spellcasting
  1448 | D:2      | Reached XP level 4. HP: 22/25 MP: 7/12
  2080 | D:3      | Learned a level 4 spell: Sticky Flame
  2165 | D:3      | Killed from afar by an orc priest

Illustrated notes

Levels and vault maps discovered:
D:1:      scummos_arrival_checkerplants, layout_loops_ring, serial_shops,
          shop_statue
D:2:      layout_basic, minmay_tromino_v4_a, uniq_natasha
D:3:      layout_basic, serial_shops, shop, uniq_grinder,
          uniq_crazy_yiuf_cottage

Skill      XL: |  1  2  3 |
---------------+----------+-----
Fighting       | 1 |  1.3
Hexes          | 1 |  1.4
Stealth        | 3 |  3.1
Spellcasting   | 4 |  4.2
Dodging        | |  2.4
Conjurations   | |  1.7
Fire Magic     | |  3.6

Action                   |  1- 3 |  4- 6 || total
-------------------------+-------+-------++-------
 Cast: Foxfire           |    65 |    25 ||    90
       Conjure Flame     |     1 |       ||     1
Armor: Robe              |     5 |     3 ||     8
Dodge: Dodged            |    11 |     2 ||    13
